 Dungeon Crawl Stone Soup version 0.31-a0-795-g5eb97db20b (webtiles) character file.

Game seed: 10256712377504525267

357 cforsyth the Trooper (level 6, -2/49 HPs)
             Began as a Djinni Delver on Sept 18, 2023.
             Splashed by a jelly's acid (8 damage)
             ... on level 5 of the Dungeon.
             The game lasted 00:02:18 (2492 turns).

cforsyth the Trooper (Djinni Delver)                Turns: 2492, Time: 00:02:19

Health: -2/49      AC: -5    Str: 11    XL:     6   Next: 96%
Gold:   113        EV: 12    Int: 13    God:
                   SH:  0    Dex: 15

rFire   + + .        a - +0 falchion
rCold   x . .        (no shield)
rNeg    . . .        b - +0 leather armour
rPois   ∞            (no helmet)
rElec   .            (no cloak)
rCorr   .            (no gloves)
SInv    .            (boots unavailable)
Will    .....        (no amulet)
Stlth   ++           (no ring)
HPRegen 0.28/turn    (no ring)
MPRegen 0.00/turn

%: infuse magic (-3 HP)
@: corroded, flying
A: sickness immunity, fire resistance 2, cold vulnerability 1, float, innate
caster, HP casting, extra vitality 1
a: no special abilities


You were on level 5 of the Dungeon.
You visited 2 branches of the dungeon, and saw 3 of its levels.

You collected 113 gold pieces.

Inventory:

Hand Weapons
 a - a +0 falchion (weapon)
Armour
 b - a +0 leather armour (worn)
Jewellery
 o - a ring of protection from cold
Wands
 g - a wand of digging (3)
 l - a wand of iceblast (13)
Scrolls
 c - a scroll of fog
 d - a scroll of revelation
 e - a scroll of silence {unknown}
 h - 2 scrolls of vulnerability {unknown}
 i - a scroll of enchant weapon {unknown}
 j - 2 scrolls of identify
 k - 2 scrolls of brand weapon {unknown}
Potions
 f - a potion of haste
 n - a potion of degeneration {unknown}


   Skills:
 + Level 5.5 Fighting
 - Level 1.7 Long Blades
 - Level 2.1 Dodging
 - Level 4.1 Stealth
 + Level 3.2 Spellcasting
 + Level 3.2 Conjurations
 + Level 3.2 Hexes
   Level 0.0 Charms
 + Level 3.2 Summonings
 + Level 3.2 Necromancy
 + Level 3.2 Translocations
 + Level 3.2 Transmutations
 + Level 3.2 Fire Magic
 + Level 3.2 Ice Magic
 + Level 3.2 Air Magic
 + Level 3.2 Earth Magic
 + Level 3.2 Poison Magic


You knew the following spells:

 Your Spells              Type           Power      Damage    Failure   Level
a - Sandblast             Erth           20%        2d7       8%          1
b - Poisonous Vapours     Pois/Air       20%        N/A       12%         2
Your spell library was empty.

Dungeon Overview and Level Annotations

Branches:
Dungeon (5/15)             Temple (1/1) D:5

Altars:
Cheibriados
Elyvilon
Nemelex Xobeh
Okawaru
Qazlal
Ru
Xom
Yredelemnul
Zin
The Shining One


Innate Abilities, Weirdness & Mutations

You are immune to sickness and miasma.
You are immune to poison.
Your flesh is very heat resistant. (rF++)
You are vulnerable to cold. (rC-)
You float through the air rather than walking.
You learn spells naturally, not from books.
Your magical power is your life essence.
You have superior vitality. (+4 MHP)


Message History

A phantom comes into view.
The helpless iguana fails to defend itself.
You hit the iguana.
The iguana is lightly wounded.
The iguana bites you!
The jelly quivers.
You hit the iguana but do no damage.
The iguana is lightly wounded.
The iguana bites you. The jelly hits you but does no damage.
The iguana closely misses you.
You hit the iguana but do no damage.
The iguana is lightly wounded.
The jelly hits you but does no damage. The iguana barely misses you.
You barely miss the iguana.
The iguana is lightly wounded.
The jelly closely misses you. The iguana bites you!
You hit the iguana but do no damage.
The iguana is lightly wounded.
The jelly hits you but does no damage. The iguana barely misses you.
The jelly closely misses you. The jelly attacks as it pursues you!
The jelly hits you.
You are splashed with acid!
You hit the jelly. The acid corrodes you!
Your hands burn!
The jelly is moderately wounded.
The jelly closely misses you.
Unknown command.
There's nothing to close nearby.
Okay, then.
As you read the scroll labelled WUEFAE GESYLYTH, it crumbles to dust.
It is a scroll of identify.
m - a scroll of poison The iguana hisses menacingly.
The jelly hits you.
You are splashed with acid!
* * * LOW HITPOINT WARNING * * *
The air fills with toxic fumes!
As you read the scroll of poison, it crumbles to dust.
The jelly hits you.
* * * LOW HITPOINT WARNING * * *
The acid corrodes you!
You are splashed with acid!
You die...

#.............# #.#
#..######..#### #.#
#..# #..# #.# ##..#
#..########.# ##...#
#...>..÷..... #§§..
...........###..#
#§§§########.###.#
#.## #§§WlJ§# #.# #.#
#.# #..###@# ###.###.#
#.# #..###§###.....#..
...
#....§§§##.#.#.#####.#
#.####§§§............#
#. #§###.#.#.#######
#. #§§........# #.
..§§§.....##.#######
###§########.##.....
#.# #.##.####


You could see a phantom, an iguana and a jelly.

Vanquished Creatures
  2 scorpions (D:5)
  A howler monkey (D:5)
  2 hounds
  An orc priest (D:5)
  2 iguanas (D:5)
  4 adders
  A white imp (D:5)
  An ufetubus (D:5)
  A dart slug (D:5)
  2 ball pythons (D:4)
  An endoplasm (D:4)
  3 jackals (D:4)
  A kobold (D:4)
22 creatures vanquished.

Notes
Turn   | Place    | Note
-------+----------+-------------------------------------------
     0 | D:5      | cforsyth the Djinni Delver began the quest for the Orb.
     0 | D:5      | Reached XP level 1. HP: 20/20 MP: 0/0
     8 | D:5      | Noticed a hound
    24 | D:5      | Killed a hound
    25 | D:5      | Reached skill level 1 in Spellcasting
    25 | D:5      | Reached skill level 1 in Conjurations
    25 | D:5      | Reached skill level 1 in Hexes
    25 | D:5      | Reached skill level 1 in Summonings
    25 | D:5      | Reached skill level 1 in Necromancy
    25 | D:5      | Reached skill level 1 in Translocations
    25 | D:5      | Reached skill level 1 in Transmutations
    25 | D:5      | Reached skill level 1 in Fire Magic
    25 | D:5      | Reached skill level 1 in Ice Magic
    25 | D:5      | Reached skill level 1 in Air Magic
    25 | D:5      | Reached skill level 1 in Earth Magic
    25 | D:5      | Reached skill level 1 in Poison Magic
    25 | D:5      | Reached XP level 2. HP: 17/25 MP: 0/0
    25 | D:5      | Reached XP level 3. HP: 21/30 MP: 0/0
    25 | D:5      | Learned a level 1 spell: Sandblast
   202 | D:5      | Reached XP level 4. HP: 37/37 MP: 0/0
   263 | D:5      | Reached skill level 4 in Fighting
   873 | D:4      | Found a white marble altar of Elyvilon.
  1077 | D:4      | Reached XP level 5. HP: 32/42 MP: 0/0
  1077 | D:4      | Learned a level 2 spell: Poisonous Vapours
  1410 | D:4      | Found a basalt altar of Yredelemnul.
  1980 | D:5      | Reached skill level 5 in Fighting
  1980 | D:5      | Reached XP level 6. HP: 41/49 MP: 0/0
  2024 | D:5      | HP: 1/49 [adder (2)]
  2129 | D:5      | Found a staircase to the Ecumenical Temple.
  2208 | Temple   | Entered the Ecumenical Temple
  2492 | D:5      | Splashed by a jelly's acid

Illustrated notes

Levels and vault maps discovered:
D:4:      layout_basic, mainiacjoe_overflow_surrounded_room,
          nicolae_overflow_crystal_walls
D:5:      layout_loops_ring, minmay_temple_entry_proselytizer
Temple:   zaba_magenta_temple

Skill      XL: |  1  2  3  4  5  6 |
---------------+-------------------+-----
Spellcasting   | 1 2 3 |  3.2
Conjurations   | 1 2 3 |  3.2
Hexes          | 1 2 3 |  3.2
Summonings     | 1 2 3 |  3.2
Necromancy     | 1 2 3 |  3.2
Translocations | 1 2 3 |  3.2
Transmutations | 1 2 3 |  3.2
Fire Magic     | 1 2 3 |  3.2
Ice Magic      | 1 2 3 |  3.2
Air Magic      | 1 2 3 |  3.2
Earth Magic    | 1 2 3 |  3.2
Poison Magic   | 1 2 3 |  3.2
Fighting       | 4 5 |  5.5
Long Blades    | |  1.7
Dodging        | |  2.1
Stealth        | |  4.1

Action                     |  1- 3 |  4- 6 || total
---------------------------+-------+-------++-------
  Melee: Falchion          |    24 |    83 ||   107
   Cast: Sandblast         |       |     4 ||     4
         Poisonous Vapours |       |    17 ||    17
    Use: Scroll            |       |     3 ||     3
         Potion            |       |     1 ||     1
   Stab: Sleeping          |     1 |     1 ||     2
 Armour: Leather armour    |    16 |    63 ||    79
  Dodge: Dodged            |    18 |    73 ||    91

Table legend: (Time is in decaauts)
 A = Elapsed time spent in this place.
 B = Non-inter-level travel time spent in this place.
 C = Inter-level travel time spent in this place.
 D = Time resting spent in this place.
 E = Time spent auto-exploring this place.
 F = Levels seen in this place.
 G = Mean time per level.
                   A        B        C        D        E       F      G
               +--------+--------+--------+--------+--------+-----+--------+
         Total |   2517 |   2403 |    114 |    496 |   1617 |   3 |  839.0 |
       Dungeon |   2515 |   2402 |    113 |    496 |   1617 |   2 | 1257.5 |
        Temple |      1 |      0 |      1 |      0 |      0 |   1 |    1.0 |
               +--------+--------+--------+--------+--------+-----+--------+

Top non-repeatable levels by time:
     D:5: 1344 daAuts
     D:4: 1170 daAuts
  Temple: 1 daAuts
